 Dungeon Crawl Stone Soup version 0.18.1-1-g2f07953 (webtiles) character file.

9852 Aleksandr27reg the Protected (level 11, -4/99 HPs)
             Began as a Minotaur Berserker on Aug 23, 2016.
             Was a High Priest of Trog.
             Shot with a bolt by an orc knight (6 damage)
             ... on level 2 of the Orcish Mines on Aug 24, 2016.
             The game lasted 01:01:31 (9696 turns).

Aleksandr27reg the Protected (Minotaur Berserker)   Turns: 9696, Time: 01:01:32

Health: -4/99      AC: 19    Str: 26 (27) XL:     11   Next: 28%
Magic:  10/10      EV: 16    Int:  3 (4)  God:    Trog [*****.]
Gold:   833        SH:  5    Dex: 15      Spells: 0 memorised, 10 levels left

rFire  . . .     SeeInvis +     d - +2 flail (protect)
rCold  . . .     Gourm    .     f - +1 scale mail
rNeg   . . .     Faith    .     i - +0 buckler
rPois  +         Spirit   .     (helmet restricted)
rElec  .         Dismiss  .     u - +2 cloak
rCorr  .         Reflect  .     k - +0 pair of gloves
SustAt .         Harm     .     (no boots)
MR     +++..     Clarity  +     (no amulet)
Stlth  +.........               r - ring of protection from magic
                                a - ring of poison resistance

@: mighty, exhausted, regenerating, slowed, very slow, extremely resistant to
hostile enchantments, very unstealthy
A: retaliatory headbutt, hooves 1, horns 2, see invisible, agile 1, clarity,
deterioration 1
a: Berserk, Trog's Hand, Brothers in Arms, Burn Spellbooks, Renounce Religion


You were on level 2 of the Orcish Mines.
You worshipped Trog.
Trog was extremely pleased with you.
You were not hungry.

You visited 2 branches of the dungeon, and saw 11 of its levels.

You collected 872 gold pieces.
You spent 39 gold pieces at shops.

Inventory:

Hand Weapons
 d - a +2 flail of protection (weapon)
 C - a +3 arbalest of flaming
Missiles
 D - 132 bolts
Armour
 f - a +1 scale mail (worn)
 i - a +0 buckler (worn)
 k - a +0 pair of gloves (worn)
 u - a +2 cloak (worn)
Jewellery
 a - a ring of poison resistance (left hand)
 b - a cursed +4 ring of evasion
 c - a +5 ring of strength
 r - a ring of protection from magic (right hand)
Wands
 q - a wand of teleportation (0/9)
 v - a wand of lightning (6/15)
 A - a wand of disintegration (9/24)
Scrolls
 e - a scroll of enchant armour
 g - a scroll of random uselessness {unknown}
 t - 3 scrolls of identify
 x - 2 scrolls of remove curse
 y - 2 scrolls of recharging
Potions
 m - a potion of curing
 o - a potion of degeneration
 p - a potion of flight
 s - 2 potions of lignification
Comestibles
 j - a beef jerky
 l - 2 fruits
 z - 3 bread rations
 B - 6 slices of pizza


   Skills:
 + Level 10.1 Fighting
   Level 2.6(7.0) Axes
 + Level 10.1(10.2) Maces & Flails
 + Level 1.9 Crossbows
 + Level 10.8 Armour
 + Level 10.1 Dodging
 + Level 2.4 Stealth
 + Level 4.0 Shields
 + Level 0.5 Evocations


You had 10 spell levels left.
You didn't know any spells.

Dungeon Overview and Level Annotations

Branches:
Dungeon (9/15)             Temple (0/1) D:7            Lair (0/8) D:8
    Orc (2/2) D:9
    Elf: Orc:2

Altars:
Ashenzari
Elyvilon
Nemelex Xobeh
Okawaru
Pakellas
Sif Muna
Yredelemnul
The Shining One
Beogh

Shops:
Orc:1 *


Innate Abilities, Weirdness & Mutations

You reflexively headbutt those who attack you in melee.
You have a pair of horns on your head.
You have large cloven feet.
You have supernaturally acute eyesight.
You are agile. (Dex +2)
You possess an exceptional clarity of mind.
Your body sometimes deteriorates upon taking damage.


Message History

You feel somewhat more hungry.
The orc warrior unwields an uncursed arbalest.
The orc warrior wields an uncursed battleaxe.
The orc warrior hits your deep troll with an uncursed battleaxe!
The orc knight roars a battlecry!
The orc warriors go into a battle-frenzy!
The orc knight hits you with an uncursed broad axe.
* * * LOW HITPOINT WARNING * * *
The orc knight closely misses your deep troll.
You block the orc warrior's attack.
The orc warrior hits your deep troll but does no damage.
Something hits your deep troll!!
Your deep troll bites the orc warrior!
Your deep troll claws the orc warrior but does no damage.
Your deep troll misses the orc warrior.
The orc warrior hits you with a flail!!
* * * LOW HITPOINT WARNING * * *
The orc knight roars a battlecry!
The orc knight unwields an uncursed broad axe.
The orc knight wields an uncursed arbalest.
The orc knight shoots a bolt.
The bolt hits you.
You die...

....(....##..##o.##...###...##..#
...................)(((.()((.((..
...................(..(o)..((((..
............#.....(..o)(#########
.......#.............(()(#
........#...#...oo.#.##.##
...............##T#######
..............##o.o#
##...#..###.###.@(##
##...##.##### ##.## #........#
### #..#.....# ...##...##
#.####.## ### ###


You could see an orc knight, 2 orc warriors and a friendly deep troll (berserk).

Vanquished Creatures
  Erolcha (D:8)
  An orc knight (Orc:2)
  An orc sorcerer (Orc:1)
  Psyche (D:8)
  3 trolls
  Prince Ribbit (D:8)
  2 yaks (D:8)
  A hungry ghost (D:7)
  A human (D:8)
  4 wargs (D:9)
  A water moccasin (D:9)
  An ice beast (D:8)
  14 orc warriors
  A black bear (D:7)
  2 phantoms
  2 wasps
  5 sky beasts
  5 ogres
  10 centaurs
  4 giant frogs
  Blork the orc (D:4)
  A gnoll sergeant (D:6)
  A wyvern skeleton (D:7)
  5 killer bees (D:8)
  4 crimson imps
  2 howler monkeys
  A centaur zombie (D:6)
  A hound (D:8)
  A centaur skeleton (D:6)
  3 giant frog skeletons
  9 orc priests
  A jelly (D:8)
  3 iguanas
  Ijyb (D:2)
  Jessica (D:2)
  14 orc wizards
  7 worker ants
  2 sheep (D:8)
  A killer bee zombie (D:9)
  A hound zombie (D:9)
  2 hound skeletons
  12 gnolls
  8 adders
  3 shadow imps
  An ooze (D:4)
  An adder skeleton (D:6)
  2 worms
  2 dart slugs (D:1)
  5 giant geckos
  44 orcs
  A ball python (D:5)
  4 giant cockroaches
  7 goblins
  11 hobgoblins
  5 jackals
  2 quokkas
  8 bats
  A giant gecko skeleton (D:8)
  A giant gecko zombie (D:7)
  2 giant newts (D:2)
  5 kobolds
  A quokka zombie (D:5)
  3 rats (D:2)
252 creatures vanquished.

Vanquished Creatures (others)
  An orc warrior (Orc:2)
1 creature vanquished.

Grand Total: 253 creatures vanquished

Notes
Turn   | Place    | Note
--------------------------------------------------------------
     0 | D:1      | Aleksandr27reg the Minotaur Berserker began the quest for the Orb.
     0 | D:1      | Reached XP level 1. HP: 19/19 MP: 0/0
   171 | D:1      | Reached XP level 2. HP: 27/27 MP: 1/1
   884 | D:2      | Noticed Ijyb
   897 | D:2      | Killed Ijyb
   897 | D:2      | Reached XP level 3. HP: 29/34 MP: 2/2
   989 | D:2      | Noticed Jessica
   993 | D:2      | Killed Jessica
   993 | D:2      | Reached XP level 4. HP: 41/41 MP: 3/3
  1023 | D:2      | Reached ** piety under Trog
  1490 | D:3      | Reached XP level 5. HP: 47/47 MP: 4/4
  1666 | D:3      | Reached skill level 5 in Fighting
  2163 | D:3      | Reached skill level 5 in Maces & Flails
  2229 | D:3      | Reached *** piety under Trog
  2368 | D:3      | Reached XP level 6. HP: 38/56 MP: 5/5
  2785 | D:4      | Noticed Blork the orc
  2795 | D:4      | Killed Blork the orc
  2795 | D:4      | Reached skill level 5 in Armour
  3394 | D:5      | Entered Level 5 of the Dungeon
  3558 | D:5      | Reached skill level 1 in Stealth
  3558 | D:5      | Reached XP level 7. HP: 62/62 MP: 6/6
  3656 | D:5      | Reached skill level 1 in Axes
  3661 | D:5      | Found a glowing golden altar of the Shining One.
  3664 | D:5      | Found a shattered altar of Ashenzari.
  3665 | D:5      | Found a basalt altar of Yredelemnul.
  3665 | D:5      | Found a white marble altar of Elyvilon.
  3665 | D:5      | Found an iron altar of Okawaru.
  3940 | D:5      | Reached skill level 5 in Dodging
  4116 | D:5      | Found a deep blue altar of Sif Muna.
  4273 | D:5      | Found an oddly glowing altar of Pakellas.
  4288 | D:5      | Gained mutation: You possess an exceptional clarity of mind. [mutagenic meat]
  4289 | D:5      | Gained mutation: You have large cloven feet. [mutagenic meat]
  4495 | D:5      | Reached XP level 8. HP: 53/71 MP: 7/7
  4710 | D:6      | Gained mutation: You have supernaturally acute eyesight. [mutagenic meat]
  4711 | D:6      | Gained mutation: You are agile. (Dex +2) [mutagenic meat]
  4712 | D:6      | Gained mutation: Your body sometimes deteriorates upon taking damage. [mutagenic meat]
  4725 | D:6      | Reached **** piety under Trog
  5442 | D:6      | Found a sparkling altar of Nemelex Xobeh.
  5541 | D:6      | Reached XP level 9. HP: 79/79 MP: 8/8
  5817 | D:7      | Got a dazzling flail
  6090 | D:7      | Found a staircase to the Ecumenical Temple.
  6487 | D:8      | Reached ***** piety under Trog
  6611 | D:8      | Noticed Erolcha
  6616 | D:8      | Found a staircase to the Lair.
  6624 | D:8      | Killed Erolcha
  6801 | D:8      | Reached XP level 10. HP: 91/91 MP: 9/9
  6867 | D:8      | Noticed Prince Ribbit
  6881 | D:8      | Killed Prince Ribbit
  6977 | D:8      | Noticed Psyche
  6988 | D:8      | Killed Psyche
  6988 | D:8      | Reached skill level 1 in Shields
  7191 | D:8      | Received a gift from Trog
  7249 | D:8      | Reached skill level 10 in Armour
  8183 | D:9      | Found a staircase to the Orcish Mines.
  8478 | D:9      | Found a shattered altar of Ashenzari.
  8644 | Orc:1    | Entered Level 1 of the Orcish Mines
  8644 | Orc:1    | Found Wuff's General Store.
  8644 | Orc:1    | Noticed an orc sorcerer
  8650 | Orc:1    | Killed an orc sorcerer
  8655 | Orc:1    | Bought a scroll of remove curse for 39 gold pieces
  8757 | Orc:1    | Reached skill level 10 in Fighting
  8892 | Orc:2    | Entered Level 2 of the Orcish Mines
  8940 | Orc:2    | Reached XP level 11. HP: 91/99 MP: 10/10
  9023 | Orc:2    | Found a roughly hewn altar of Beogh.
  9624 | Orc:2    | Noticed an orc knight
  9626 | Orc:2    | Noticed an orc knight
  9647 | Orc:2    | Reached skill level 10 in Maces & Flails
  9647 | Orc:2    | Reached skill level 1 in Crossbows
  9659 | Orc:2    | Killed an orc knight
  9659 | Orc:2    | Reached skill level 10 in Dodging
  9696 | Orc:2    | HP: 2/99 [orc warrior/flail (22)]
  9696 | Orc:2    | Shot with a bolt by an orc knight

Skill      XL: |  1  2  3  4  5  6  7  8  9 10 11 |
---------------+----------------------------------+-----
Fighting       | 4 5 6 7 9 10 | 10.1
Maces & Flails | 4 5 7 9 10 | 10.1
Armour         | 3 4 5 6 8 9 10 | 10.8
Dodging        | 3 4 5 6 8 9 10 | 10.1
Stealth        | 1 2 |  2.4
Axes           | 2 |  2.6
Shields        | 3 4 |  4.0
Crossbows      | 1 |  1.9
Evocations     | |  0.5

Action                   |  1- 3 |  4- 6 |  7- 9 | 10-12 || total
-------------------------+-------+-------+-------+-------++-------
Melee: Mace              |    42 |   108 |       |       ||   150
       Headbutt          |     9 |    26 |    65 |    71 ||   171
       Hand axe          |       |    39 |    82 |       ||   121
       Kick              |       |       |    75 |   102 ||   177
       Flail             |       |       |   167 |   289 ||   456
 Fire: Arbalest          |       |       |       |    23 ||    23
Invok: Berserk           |       |     1 |     1 |     1 ||     3
       Trog's Hand       |       |     2 |     1 |     2 ||     5
       Burn Spellbooks   |       |     1 |       |       ||     1
       Brothers in Arms  |       |       |       |     1 ||     1
Evoke: Wand              |       |       |       |     2 ||     2
  Use: Scroll            |     1 |     6 |     7 |     4 ||    18
       Potion            |       |     3 |     5 |     6 ||    14
  Eat: Chunk             |       |     4 |     7 |     5 ||    16
       Bread ration      |       |     2 |     1 |       ||     3
       Royal jelly       |       |       |     1 |       ||     1
       Beef jerky        |       |       |       |     3 ||     3
       Fruit             |       |       |       |     1 ||     1
       Pizza             |       |       |       |     1 ||     1
Armor: Scale mail        |    28 |    62 |    93 |   177 ||   360
Dodge: Dodged            |    34 |    93 |   163 |   321 ||   611
Block: Buckler           |       |       |    14 |    81 ||    95
